 Dungeon Crawl Stone Soup version 0.30-a0-591-g3c58d2bc28 (webtiles) character file.

Game seed: 11976392028300753816

72 NinjaNoafa the Thrower (level 4, -4/48 HPs)
             Began as a Gnoll Wanderer on Jan 5, 2023.
             Killed from afar by an orc wizard (6 damage)
             ... with a magic dart
             ... on level 3 of the Dungeon.
             The game lasted 00:04:03 (1427 turns).

NinjaNoafa the Thrower (Gnoll Wanderer)             Turns: 1427, Time: 00:04:04

Health: -4/48      AC: 22    Str: 11    XL:     4   Next: 25%
Magic:  11/11      EV:  2    Int: 14    God:
Gold:   131        SH:  0    Dex: 11    Spells: 12/13 levels left

rFire   . . .      SeeInvis .    r - +2 dagger (elec)
rCold   . . .      Faith    .    (no shield)
rNeg    . . .      Spirit   .    (body armour currently unavailable)
rPois   +          Reflect  .    (helmet currently unavailable)
rElec   .          Harm     .    (cloak currently unavailable)
rCorr   .          Rampage  .    (gloves currently unavailable)
Will    .....      NoTele   +    (boots currently unavailable)
Stlth   +                        i - amulet of magic regeneration
HPRegen 0.28/turn                (no ring)
MPRegen 0.52/turn                (no ring)

@: confused, tree-form
A: stationary, stasis, torment immunity, boosted hp, (fangs 1), strong nose,
distributed training
a: no special abilities


You were on level 3 of the Dungeon.
You were a tree.
You visited 1 branch of the dungeon, and saw 3 of its levels.

You collected 131 gold pieces.

Inventory:

Hand Weapons
 r - a +2 dagger of electrocution (weapon)
Missiles
 b - 2 curare-tipped darts (quivered)
 h - 12 stones
 q - 6 poisoned darts
Armour
 e - a +0 robe (melded)
Jewellery
 i - an amulet of magic regeneration (around neck)
Scrolls
 d - a scroll of fog
 g - a scroll of poison {unknown}
 k - a scroll of enchant weapon {unknown}
 l - a scroll of enchant armour {unknown}
 n - a scroll of torment {unknown}
 p - 3 scrolls of blinking {unknown}
Potions
 c - 2 potions of attraction
 j - a potion of haste {unknown}
 m - a potion of berserk rage {unknown}
 o - 2 potions of might {unknown}


   Skills:
 + Level 1.1 Fighting
 + Level 1.1 Short Blades
 + Level 1.1 Long Blades
 + Level 1.1 Axes
 + Level 1.1 Maces & Flails
 + Level 1.1 Polearms
 + Level 1.1 Staves
 + Level 1.1 Ranged Weapons
 + Level 10.4 Throwing
 + Level 1.1 Armour
 + Level 2.7 Dodging
 + Level 1.1 Stealth
 + Level 1.1 Shields
 + Level 1.1 Unarmed Combat
 + Level 5.1 Spellcasting
 + Level 0.9 Conjurations
 + Level 0.9 Hexes
 + Level 0.9 Summonings
 + Level 0.9 Necromancy
 + Level 0.9 Translocations
 + Level 3.8 Transmutations
 + Level 0.9 Fire Magic
 + Level 0.9 Ice Magic
 + Level 0.9 Air Magic
 + Level 0.9 Earth Magic
 + Level 0.9 Poison Magic
 + Level 1.2 Invocations
 + Level 1.1 Evocations


You had 12 spell levels left.
You knew the following spells:

 Your Spells              Type           Power      Damage    Failure   Level
a - Beastly Appendage     Tmut           28%        N/A       3%          1

Your spell library contained the following spells:

 Spells                   Type           Power      Damage    Failure   Level
 Summon Small Mammal      Summ           24%        N/A       12%         1
 Ignite Poison            Fire/Tmut/Pois 8%         N/A       24%         3
 Call Canine Familiar     Summ           6%         N/A       34%         3
 Summon Guardian Golem    Hex/Summ       6%         N/A       34%         3


Dungeon Overview and Level Annotations

Branches:
Dungeon (3/15)

Altars:


Innate Abilities, Weirdness & Mutations

You are a tree.
Your roots penetrate the ground, keeping you stationary.
You cannot be teleported.
You are immune to unholy pain and torment.
Your maximum health is greatly increased.
Your equipment is partially melded.
((You have very sharp teeth.))
Your uncanny sense of smell can sniff out nearby items.
Your experience applies equally to all skills.


Message History

Something completely misses you.
You miss something. Your kick misses something.
Your horns disappear.
Your talons disappear.
You hear some strange, mumbled words.
You are confused.
You bump into the rock wall.
Something hits you.
You bump into the rock wall.
You hear some strange, mumbled words.
Something tries to affect you, but you resist.
You bump into the rock wall.
Something hits you.
You're too confused to move!
You hear some strange, mumbled words.
A puff of flame appears from out of thin air!
The puff of flame misses you.
You completely miss something.
You bump into the rock wall.
You feel less confused.
You hear some strange, mumbled words.
A magic dart appears from out of thin air!
The magic dart hits you.
You hit something but do no damage.
You hear some strange, mumbled words.
A magic dart appears from out of thin air!
The magic dart hits you!
* * * LOW HITPOINT WARNING * * *
You closely miss something. Your bite misses something.
You hear some strange, mumbled words.
You are confused.
You hit something but do no damage.
You hear some strange, mumbled words.
A magic dart appears from out of thin air!
The magic dart hits you.
* * * LOW HITPOINT WARNING * * *
You're too confused to cast spells.
It was a potion of lignification.
You turn into a tree.
Your +0 robe melds into your body.
Your roots penetrate the ground.
You hear some strange, mumbled words.
A magic dart appears from out of thin air!
The magic dart hits you.
You die...

### ######
#.###.#.##.#
#..).<#....#
#)##..#.##.# #{#
.#.##.# #♣#
#.##.####### #.#
#.##........
#.#####.##########
#.>...#.#
##..#.#.##########
#..#.#...........
#....######^.....
#.........#.####.
#.##......#....#.


There were no monsters in sight!

Vanquished Creatures
  2 adders
  3 dart slugs
  3 orcs (D:3)
  5 ball pythons
  3 endoplasms
  3 giant cockroaches
  6 goblins
  A hobgoblin (D:2)
  5 quokkas
  3 bats
  2 frilled lizards
  4 kobolds
  4 rats (D:1)
44 creatures vanquished.

Notes
Turn   | Place    | Note
-------+----------+-------------------------------------------
     0 | D:1      | Reached skill level 10 in Throwing
     0 | D:1      | NinjaNoafa the Gnoll Wanderer began the quest for the Orb.
     0 | D:1      | NinjaNoafa set off with the following items: a +2 dagger, 2
                  | curare-tipped darts, a potion of attraction, a scroll of
                  | fog, a +0 robe; and the following spell memorised: Beastly
                  | Appendage; and the following spells available to memorise:
                  | Ignite Poison.
     0 | D:1      | Reached XP level 1. HP: 13/13 MP: 6/6
    93 | D:1      | Reached XP level 2. HP: 20/20 MP: 5/7
   509 | D:1      | Reached skill level 5 in Spellcasting
   509 | D:1      | Reached XP level 3. HP: 7/25 MP: 7/9
   841 | D:2      | Reached skill level 1 in Invocations
   926 | D:3      | Reached skill level 1 in Fighting
   926 | D:3      | Reached skill level 1 in Short Blades
   926 | D:3      | Reached skill level 1 in Long Blades
   926 | D:3      | Reached skill level 1 in Axes
   926 | D:3      | Reached skill level 1 in Maces & Flails
   926 | D:3      | Reached skill level 1 in Polearms
   926 | D:3      | Reached skill level 1 in Staves
   926 | D:3      | Reached skill level 1 in Ranged Weapons
   926 | D:3      | Reached skill level 1 in Armour
   926 | D:3      | Reached skill level 1 in Stealth
   926 | D:3      | Reached skill level 1 in Shields
   926 | D:3      | Reached skill level 1 in Unarmed Combat
   926 | D:3      | Reached skill level 1 in Evocations
  1023 | D:3      | Reached XP level 4. HP: 32/32 MP: 11/11
  1426 | D:3      | HP: 1/32 [something/magic dart (6)]
  1427 | D:3      | Killed from afar by an orc wizard

Illustrated notes

Levels and vault maps discovered:
D:1:      scummos_arrival_simple_fountains, layout_basic
D:2:      layout_loops_cross, basic_altar, st_stairs_8
D:3:      layout_basic, amcnicky_altar_gilded, chequers_serial_rivers_micro_d,
          minmay_diced_spiral, uniq_jessica

Skill      XL: |  1  2  3 |
---------------+----------+-----
Throwing       | | 10.4
Spellcasting   | 5 |  5.1
Invocations    | 1 |  1.2
Fighting       | 1 |  1.1
Short Blades   | 1 |  1.1
Long Blades    | 1 |  1.1
Axes           | 1 |  1.1
Maces & Flails | 1 |  1.1
Polearms       | 1 |  1.1
Staves         | 1 |  1.1
Ranged Weapons | 1 |  1.1
Armour         | 1 |  1.1
Stealth        | 1 |  1.1
Shields        | 1 |  1.1
Unarmed Combat | 1 |  1.1
Evocations     | 1 |  1.1
Dodging        | |  2.7
Conjurations   | |  0.9
Hexes          | |  0.9
Summonings     | |  0.9
Necromancy     | |  0.9
Translocations | |  0.9
Transmutations | |  3.8
Fire Magic     | |  0.9
Ice Magic      | |  0.9
Air Magic      | |  0.9
Earth Magic    | |  0.9
Poison Magic   | |  0.9

Action                   |  1- 3 |  4- 6 || total
-------------------------+-------+-------++-------
Melee: Dagger            |    71 |    46 ||   117
       Kick              |    21 |     6 ||    27
       Headbutt          |    13 |     3 ||    16
       Unarmed           |     9 |       ||     9
       Bite              |     8 |     5 ||    13
       Punch             |     2 |     1 ||     3
 Cast: Beastly Appendage |    21 |     7 ||    28
  Use: Potion            |       |     1 ||     1
 Stab: Sleeping          |     3 |       ||     3
Armor: Robe              |    30 |    13 ||    43
Dodge: Dodged            |    47 |    33 ||    80

Table legend: (Time is in decaauts)
 A = Elapsed time spent in this place.
 B = Non-inter-level travel time spent in this place.
 C = Inter-level travel time spent in this place.
 D = Time resting spent in this place.
 E = Time spent auto-exploring this place.
 F = Levels seen in this place.
 G = Mean time per level.
                   A        B        C        D        E       F      G
               +--------+--------+--------+--------+--------+-----+--------+
         Total |   1420 |   1377 |     43 |      0 |   1019 |   3 |  473.3 |
       Dungeon |   1420 |   1377 |     43 |      0 |   1019 |   3 |  473.3 |
               +--------+--------+--------+--------+--------+-----+--------+

Top non-repeatable levels by time:
     D:1: 794 daAuts
     D:3: 453 daAuts
     D:2: 172 daAuts
